 Dungeon Crawl Stone Soup version 0.30.0-11-gf55b779eaf (webtiles) character file.

Game seed: 12645693617672090121

1436 JanusIIV the Spear-Bearer (level 8, -12/96 HPs)
             Began as a Merfolk Warper on May 16, 2023.
             Mangled by an ogre
             ... wielding a +0 giant club
              (15 damage)
             ... on level 6 of the Dungeon.
             The game lasted 00:12:58 (6060 turns).

JanusIIV the Spear-Bearer (Merfolk Warper)          Turns: 6060, Time: 00:12:59

Health: -12/96     AC:  8    Str: 13    XL:     8   Next: 73%
Magic:  11/11      EV: 12    Int: 15    God:
Gold:   275        SH:  0    Dex: 14    Spells: 9/11 levels left

rFire   . . .        q - +1 trident
rCold   . . .        (no shield)
rNeg    . . .        r - +2 leather armour {Will+}
rPois   .            s - +2 helmet {Int+3}
rElec   .            (no cloak)
rCorr   .            (no gloves)
SInv    .            (no boots)
Will    +....        (no amulet) Stlth
                     (no ring)
HPRegen 0.36/turn    (no ring)
MPRegen 0.12/turn

%: no passive effects
@: berserking, very quick
A: (nimble swimmer 2), mertail
a: no special abilities


You were on level 6 of the Dungeon.
You visited 2 branches of the dungeon, and saw 7 of its levels.

You collected 275 gold pieces.

Inventory:

Hand Weapons
 q - a +1 trident (weapon)
Missiles
 b - 6 boomerangs
 d - 10 boomerangs of dispersal (quivered)
Armour
 r - a +2 leather armour of willpower (worn)
 s - a +2 helmet of intelligence (worn)
Jewellery
 D - a +6 ring of intelligence
Scrolls
 c - a scroll of fog {unknown}
 e - 2 scrolls of enchant weapon
 i - a scroll of brand weapon {unknown}
 l - a scroll of magic mapping
 o - 4 scrolls of immolation
 t - a scroll of butterflies {unknown}
 v - a scroll of poison {unknown}
 w - a scroll of teleportation
 y - a scroll of torment {unknown}
Potions
 m - a potion of heal wounds {unknown}
 n - a potion of curing
 u - 2 potions of mutation
 z - a potion of invisibility {unknown}
 A - 3 potions of cancellation
 B - 2 potions of flight
 C - a potion of ambrosia {unknown}


   Skills:
 + Level 6.2 Fighting
 - Level 12.0 Polearms
 - Level 1.0 Throwing
 - Level 0.6 Armour
 - Level 2.6 Dodging
 - Level 2.0 Spellcasting
 - Level 2.4 Translocations


You had 9 spell levels left.
You knew the following spells:

 Your Spells              Type           Power      Damage    Failure   Level
a - Blink                 Tloc           16%        N/A       16%         2

Your spell library contained the following spells:

 Spells                   Type           Power      Damage    Failure   Level
 Lesser Beckoning         Tloc           16%        N/A       16%         2
 Momentum Strike          Conj/Tloc      10%        3d8       26%         2
 Beastly Appendage        Tmut           2%         N/A       28%         1
 Magic Dart               Conj           4%         1d3       28%         1
 Teleport Other           Tloc           8%         N/A       32%         3
 Searing Ray              Conj           2%         2d4       38%         2
 Wereblood                Tmut           1%         N/A       38%         2
 Vhi's Electric Charge    Tloc/Air       10%        N/A       45%         3
 Volatile Blastmotes      Fire/Tloc      10%        2d10      45%         3
 Dazzling Flash           Conj/Hex       2%         N/A       63%         3
 Spider Form              Tmut/Pois      1%         N/A       63%         3
 Manifold Assault         Tloc           8%         N/A       71%         4
 Iskenderun's Mystic Bla  Conj/Tloc      5%         2d3       86%         4
 Fulminant Prism          Conj/Hex       0%         3d5       95%         4
 Lee's Rapid Deconstruct  Erth           0%         3d4*      100%        5
 Starburst                Conj/Fire      0%         6d3       100%        6


Dungeon Overview and Level Annotations

Branches:
Dungeon (6/15)             Temple (1/1) D:5

Altars:
Dithmenos
Elyvilon
Gozag
Hepliaklqana
Kikubaaqudgha
Makhleb
Nemelex Xobeh
Okawaru
Qazlal
Ru
Sif Muna
Trog
Uskayaw
Vehumet
Wu Jian
Yredelemnul
Zin

Shops:
D:1 ?[(!   D:4 =


Innate Abilities, Weirdness & Mutations

((You are very nimble when in or above water. (Stealth+, EV+, Speed+++)))
Your lower body shifts to a powerful aquatic tail in water.


Message History

As you read the scroll of fear, it crumbles to dust.
You assume a fearsome visage.
The ogre looks frightened!
You feel stable enough to blink again.
You feel sick.
You are no longer poisoned.
The ogre seems to regain its courage.
You see here a water moccasin corpse.
There is a stone staircase leading up, spattered with blood here.
You climb upwards.
There is a stone staircase leading down here.
You start resting.
Magic restored.
You start resting.
HP restored.
You climb downwards.
The ogre hits you with a +0 giant club!!
Ouch! That really hurt!
There is a stone staircase leading up, spattered with blood here.
You are too injured to fight recklessly!
You are too injured to fight recklessly!
You are too injured to fight recklessly!
You are too injured to fight recklessly!
A red film seems to cover your vision as you go berserk!
You feel yourself moving faster!
You feel mighty!
The ogre hits you with a +0 giant club!!
* * * LOW HITPOINT WARNING * * *
You puncture the ogre! You punch the ogre.
The ogre is moderately wounded.
You hit the ogre.
The ogre is severely wounded.
The ogre hits you with a +0 giant club!!
* * * LOW HITPOINT WARNING * * *
You barely miss the ogre.
The ogre is severely wounded.
You barely miss the ogre.
The ogre is severely wounded.
You barely miss the ogre.
The ogre is severely wounded.
The ogre hits you with a +0 giant club!
You die...

#.....# #.....#
#.....# #.....#
+############.....#
..................#
..................#
.......O..........#
........@÷........#
..................#
..................#
..######+##†......#
. ...s$.'.).....#
......#.......#
......#.......#
..$?. #.......#
....O ........#


You could see an ogre.

Vanquished Creatures
  Prince Ribbit (D:6)
  Sigmund (D:5)
  Menkaure (D:5)
  A water moccasin (D:6)
  A sky beast (D:6)
  A phantom (D:5)
  4 scorpions
  A jelly (D:4)
  An orc priest (D:5)
  6 iguanas
  2 orc wizards (D:5)
  6 adders
  An ufetubus (D:5)
  2 worms (D:2)
  8 dart slugs
  21 orcs
  7 ball pythons
  4 bats
  7 endoplasms
  2 giant cockroaches
  5 goblins
  12 hobgoblins
  3 jackals (D:4)
  3 kobolds
  A quokka (D:2)
  4 frilled lizards
  8 rats
114 creatures vanquished.

Notes
Turn   | Place    | Note
-------+----------+-------------------------------------------
     0 | D:1      | JanusIIV the Merfolk Warper began the quest for the Orb.
     0 | D:1      | Reached XP level 1. HP: 16/16 MP: 3/3
   118 | D:1      | Reached skill level 3 in Polearms
   184 | D:1      | Reached XP level 2. HP: 20/23 MP: 5/5
   226 | D:1      | Found Sounupra's Antique Weapon Shop.
   264 | D:1      | Found Kokhez's Distillery.
   503 | D:1      | Reached XP level 3. HP: 22/28 MP: 6/6
   556 | D:1      | Reached skill level 4 in Polearms
   903 | D:1      | Found a faded altar of an unknown god.
   955 | D:1      | Found Jifoeschayg's Antique Armour Boutique.
   968 | D:1      | Found Wimyezuy's Magic Scroll Shoppe.
  1393 | D:2      | Reached XP level 4. HP: 13/35 MP: 7/7
  1596 | D:2      | Reached skill level 5 in Polearms
  2743 | D:3      | Reached XP level 5. HP: 41/41 MP: 8/8
  2746 | D:3      | Learned a level 2 spell: Blink
  2883 | D:4      | Reached skill level 6 in Polearms
  3378 | D:4      | Found Dythiesen's Jewellery Shop.
  3661 | D:4      | Reached XP level 6. HP: 39/48 MP: 9/9
  3734 | D:4      | Reached skill level 7 in Polearms
  3851 | D:5      | Entered Level 5 of the Dungeon
  3884 | D:5      | Identified the +2 leather armour "Kuel" {rF+}
  4113 | D:5      | Found a staircase to the Ecumenical Temple.
  4125 | Temple   | Entered the Ecumenical Temple
  4335 | D:5      | Reached skill level 8 in Polearms
  4415 | D:5      | Reached XP level 7. HP: 41/55 MP: 10/10
  4517 | D:5      | Noticed Sigmund
  4527 | D:5      | Killed Sigmund
  4528 | D:5      | Reached skill level 9 in Polearms
  4736 | D:5      | Found a shadowy altar of Dithmenos.
  5322 | D:5      | Noticed Menkaure
  5333 | D:5      | Killed Menkaure
  5334 | D:5      | Reached skill level 5 in Fighting
  5334 | D:5      | Reached skill level 10 in Polearms
  5334 | D:5      | Reached XP level 8. HP: 35/62 MP: 11/11
  5607 | D:6      | Noticed Prince Ribbit
  5673 | D:6      | Reached skill level 11 in Polearms
  5697 | D:6      | Killed Prince Ribbit
  5815 | D:6      | Reached skill level 12 in Polearms
  6057 | D:6      | HP: 2/96 [ogre/+0 giant club (19)]
  6060 | D:6      | Mangled by an ogre

Illustrated notes

Levels and vault maps discovered:
D:1:      nzn_arrival_crosshair, layout_loops_corners,
          ebering_ecumenical_altar_petrified, serial_shops,
          nicolae_shop_crystal, shop, nicolae_shop_waterfront, shop
D:2:      layout_loops_corners
D:3:      layout_basic, guppyfry_early_orc_mine
D:4:      layout_loops_ring, serial_shops, nicolae_shop_hallway_stairs
D:5:      layout_basic, nicolae_dithmenos_shadow_blocks,
          minmay_temple_entry_grid, uniq_sigmund, uniq_menkaure
D:6:      layout_gridville, uniq_prince_ribbit1, uniq_grinder
Temple:   eino_temple_scatter_basement

Skill      XL: |  1  2  3  4  5  6  7  8 |
---------------+-------------------------+-----
Polearms       | 3 4 5 6 8 10 12 | 12.0
Fighting       | 3 4 5 6 |  6.2
Throwing       | |  1.0
Armour         | |  0.6
Dodging        | |  2.6
Spellcasting   | |  2.0
Translocations | |  2.4

Action                     |  1- 3 |  4- 6 |  7- 9 || total
---------------------------+-------+-------+-------++-------
  Melee: Spear             |   162 |    44 |       ||   206
         Punch             |     1 |       |     2 ||     3
         Tailslap          |     1 |       |       ||     1
         Trident           |       |   222 |   166 ||   388
   Cast: Blink             |       |       |     1 ||     1
    Use: Potion            |     1 |     3 |     3 ||     7
         Scroll            |       |     2 |    14 ||    16
   Stab: Sleeping          |     3 |     2 |     1 ||     6
 Armour: Leather armour    |    20 |    52 |    27 ||    99
  Dodge: Dodged            |    77 |   115 |    50 ||   242
